Map: Ultralove

Players

Stoepzzel

  • Race: Protoss Protoss
  • League: Master
  • Spawn Location: 1:00

ManlyManMeat - Winner!

  • Race: Protoss Protoss
  • League: Master
  • Spawn Location: 7:00

VOD

Have the link to the VOD?

Description

Time

  • Played on: June 14, 2025, 3:24 p.m.
  • Length: 12:35
Show
View Real Time Build Order
Export as new Build Order

Stoepzzel Protoss 

Build Orders:  

Get SALT Encoding   

  12  0:00  Probe  
  13  0:13  Probe  
  14  0:17  Pylon  
  14  0:25  Probe  
  15  0:37  Probe  
  15  0:38  Gateway  
  16  0:46  Assimilator  
  16  0:49  Probe  
  17  0:59  Pylon  
  17  1:10  Probe  
  18  1:23  Probe  
  19  1:32  Cybernetics Core  
  19  1:35  Probe  
  20  1:45  Warp Gate  
  21  1:47  Probe  
  21  1:49  Assimilator  
  21  1:54  Gateway  
  21  1:56  Gateway  
  21  1:59  Probe  
  22  2:07  Pylon  
  22  2:13  Stalker  
  23  2:26  Probe  
  24  2:36  Robotics Facility  
  24  2:51  Stalker x2  
  28  3:15  Immortal  
  28  3:16  Pylon  
  32  3:35  Stalker x2  
  32  3:36  Stalker  
  28  4:32  Immortal  
  32  4:39  Nexus  
  32  4:42  Pylon  
  32  4:43  Stalker x2  
  36  4:47  Probe  
  37  4:55  Pylon  
  37  4:59  Probe  
  38  5:07  Observer, Shield Battery  
  38  5:11  Probe  
  40  5:23  Probe  
  40  5:24  Observer  
  42  5:35  Probe  
  42  5:42  Warp Prism  
  43  5:47  Pylon, Probe  
  46  6:00  Probe  
  46  6:02  Stalker  
  46  6:03  Stalker x2  
  53  6:05  Probe  
  54  6:12  Probe  
  54  6:13  Probe  
  56  6:24  Probe  
  57  6:27  Probe  
  57  6:31  Stalker  
  57  6:32  Stalker  
  62  6:36  Probe  
  62  6:39  Probe  
  64  6:41  Gateway  
  64  6:45  Gateway  
  64  6:48  Probe  
  64  6:51  Probe  
  66  6:56  Stalker  
  66  7:00  Probe  
  69  7:06  Immortal  
  73  7:12  Assimilator  
  73  7:14  Probe x2  
  73  7:15  Assimilator  
  75  7:26  Probe  
  75  7:27  Probe  
  77  7:59  Pylon  
  77  8:04  Pylon  
  77  8:05  Pylon  
  77  8:07  Probe  
  78  8:17  Probe  
  78  8:19  Probe, Nexus  
  80  8:22  Pylon  
  80  8:25  Pylon  
  80  8:31  Pylon  
  80  8:38  Stalker x5  
  88  9:06  Shield Battery  
  88  9:07  Stalker x5  
  98  9:11  Shield Battery  
  98  9:12  Immortal  
  102  9:19  Robotics Facility  
  102  9:25  Gateway  
  102  9:27  Gateway  
  82  9:32  Stalker  
  82  9:33  Stalker x3  
  74  9:41  Probe x3  
  77  9:50  Stalker  
  79  10:00  Stalker x3  
  79  10:03  Probe x2  
  87  10:12  Immortal  
  91  10:20  Probe x3  
  94  10:22  Assimilator  
  94  10:27  Assimilator  
  92  10:32  Probe x2  
  90  10:36  Stalker  
  90  10:37  Stalker x2  
  96  10:49  Immortal  
  88  10:52  Stalker x4  
  96  11:00  Immortal  
  100  11:08  Probe x2  
  100  11:09  Probe  
  107  11:16  Forge  
  107  11:18  Forge  
  107  11:25  Gateway  
  107  11:26  Pylon  
  107  11:27  Gateway  
  107  11:34  Stalker x3  
  113  11:42  Immortal  
  109  11:56  Stalker x3  
  109  11:57  Stalker  
  95  12:22  Stalker x4  
Show
View Real Time Build Order
Export as new Build Order

ManlyManMeat Protoss - Winner!

Build Orders: 1 Gate Expand, Chargelot Immortal 

Get SALT Encoding   

  12  0:00  Probe  
  13  0:12  Probe  
  14  0:19  Pylon  
  14  0:21  Probe  
  15  0:33  Probe  
  15  0:39  Gateway  
  16  0:45  Assimilator  
  16  0:51  Probe  
  17  1:04  Probe  
  18  1:18  Probe  
  19  1:30  Probe  
  20  1:32  Nexus  
  20  1:48  Cybernetics Core  
  20  1:54  Probe  
  20  1:56  Pylon  
  21  2:13  Gateway  
  21  2:22  Stalker  
  21  2:23  Warp Gate  
  21  2:28  Gateway, Probe  
  23  2:45  Probe  
  23  2:46  Probe  
  23  2:49  Assimilator  
  25  3:00  Robotics Facility  
  25  3:01  Stalker  
  26  3:06  Probe, Stalker  
  26  3:09  Probe  
  30  3:22  Probe  
  31  3:28  Probe  
  31  3:34  Probe, Stalker  
  35  3:46  Probe  
  36  3:49  Shield Battery  
  36  3:51  Stalker  
  36  4:14  Pylon  
  35  4:26  Pylon  
  35  4:30  Immortal  
  35  4:38  Stalker  
  39  4:51  Twilight Council  
  39  4:56  Stalker  
  39  5:09  Probe x2, Blink  
  43  5:23  Probe x2  
  45  5:28  Pylon  
  45  5:42  Immortal  
  45  5:58  Probe x2  
  47  6:10  Gateway, Probe x2  
  49  6:11  Gateway  
  49  6:12  Gateway  
  49  6:22  Immortal, Probe  
  49  6:23  Probe, Robotics Facility  
  55  6:42  Probe x2  
  55  6:46  Stalker x2  
  61  6:56  Assimilator  
  61  7:00  Charge  
  61  7:03  Pylon  
  61  7:05  Pylon  
  61  7:11  Probe, Assimilator  
  62  7:17  Probe  
  63  7:23  Probe  
  63  7:28  Probe  
  65  7:35  Probe  
  65  7:37  Immortal, Stalker, Zealot  
  68  7:38  Zealot  
  68  7:40  Probe  
  77  7:55  Pylon  
  77  7:58  Pylon  
  77  8:11  Immortal  
  77  8:12  Pylon  
  77  8:13  Pylon  
  77  8:15  Immortal  
  77  8:17  Stalker  
  87  8:21  Stalker  
  89  8:29  Probe x2  
  91  8:41  Probe  
  91  8:42  Probe  
  93  8:50  Zealot x5  
  103  9:04  Immortal  
  107  9:15  Immortal  
  107  9:26  Nexus  
  97  9:34  Immortal  
  91  9:45  Zealot x5  
  105  9:49  Pylon  
  105  9:54  Immortal  
  109  10:03  Pylon  
  109  10:04  Immortal  
  113  10:32  Immortal  
  113  10:34  Immortal  
  109  10:58  Immortal, Probe x2  
  109  10:59  Probe  
  112  11:10  Probe  
  112  11:11  Probe  
  118  11:12  Immortal, Zealot x5  
  132  11:33  Immortal  
  120  12:11  Zealot x5  
  138  12:22  Pylon x2  
Tags
 
Matchup
PvP
Replay Pack
Multiplayer
Spawn Locations
Cross Positions
Add a new tag
Caveats
  • Supply blocks, unpowered buildings, or Contaminate may cause inaccurate times.
  • Supply counts are checked every 10 seconds.